 Dungeon Crawl Stone Soup version 0.31-a0-426-g3a05650e59 (webtiles) character file.

Game seed: 17449794379856127632

68 hashsling the Trooper (level 4, -3/40 HPs)
             Began as a Minotaur Fighter on July 30, 2023.
             Killed by divine providence
             ... invoked by an orc priest
              (12 damage)
             ... on level 3 of the Dungeon.
             The game lasted 00:03:06 (1721 turns).

hashsling the Trooper (Minotaur Fighter)            Turns: 1721, Time: 00:03:06

Health: -3/40      AC: 11    Str: 22    XL:     4   Next: 1%
Magic:  3/3        EV:  6    Int:  5    God:
Gold:   95         SH:  4    Dex: 10    Spells: 3/3 levels left

rFire   . . .        a - +0 war axe
rCold   . . .        c - +0 buckler
rNeg    . . .        m - +0 plate armour
rPois   .            (helmet restricted)
rElec   .            (no cloak)
rCorr   .            (no gloves)
SInv    .            (no boots)
Will    .....        (no amulet) Stlth
                     (no ring)
HPRegen 0.26/turn    (no ring)
MPRegen 0.08/turn

%: no passive effects
@: no status effects
A: horns 2, retaliatory headbutt
a: no special abilities


You were on level 3 of the Dungeon.
You visited 1 branch of the dungeon, and saw 3 of its levels.

You collected 95 gold pieces.

Inventory:

Hand Weapons
 a - a +0 war axe (weapon)
Missiles
 h - 10 poisoned darts
Armour
 b - a +0 scale mail
 c - a +0 buckler (worn)
 j - a +0 chain mail
 m - a +0 plate armour (worn)
Jewellery
 i - a ring of magical power
Scrolls
 f - 3 scrolls of butterflies {unknown}
 g - 2 scrolls of noise {unknown}
 n - a scroll of identify {unknown}
 o - a scroll of brand weapon {unknown}
Potions
 d - a potion of might
 e - 2 potions of invisibility {unknown}
 k - 2 potions of magic {unknown}
 l - 2 potions of lignification {unknown}


   Skills:
 + Level 4.2 Fighting
 * Level 4.0 Axes
 + Level 4.1 Armour
 - Level 4.0 Shields


You had 3 spell levels left.
You didn't know any spells.
Your spell library contained the following spells:

 Spells                   Type           Power      Damage    Failure   Level
 Magic Dart               Conj           0%         1d3       100%        1
 Shock                    Conj/Air       0%         1d3       100%        1
 Call Imp                 Summ           0%         N/A       100%        2
 Hailstorm                Conj/Ice       0%         3d3       100%        3
 Mephitic Cloud           Conj/Pois/Air  0%         N/A       100%        3
 Swiftness                Air            0%         N/A       100%        3
 Airstrike                Air            0%         2d(0-16)  100%        4
 Summon Ice Beast         Ice/Summ       0%         N/A       100%        4
 Summon Mana Viper        Hex/Summ       0%         N/A       100%        5
 Simulacrum               Ice/Necr       0%         N/A       100%        6
 Haunt                    Necr/Summ      0%         N/A       100%        7
 Monstrous Menagerie      Summ           0%         N/A       100%        7
 Borgnjor's Revivificati  Necr           0%         N/A       100%        8
 Death's Door             Necr           0%         N/A       100%        9


Dungeon Overview and Level Annotations

Branches:
Dungeon (3/15)

Altars:
Dithmenos

Shops:
D:1 (


Innate Abilities, Weirdness & Mutations

You have a pair of horns on your head.
You reflexively headbutt those who attack you in melee.


Message History

You start removing your armour.
You continue taking off your +0 chain mail. x4
You finish taking off your +0 chain mail.
You start putting on your armour.
You continue putting on your +0 plate armour. x5
You finish putting on your +0 plate armour.
You see here a +0 whip.
Items here: ( ) [ †.
There is an open door here.
You see here a +0 leather armour.
Done exploring.
Done exploring.
(D) Dungeon
Where to? (Enter - D:2, ? - help)
What level of the Dungeon? (default 1, ? - help)
There is a stone staircase leading down here.
You climb downwards.
There is a stone staircase leading up here.
Found a stone staircase leading down. 2 orc priests come into view.
Found a bubbling brown potion.
The orc priest shouts! x2
The orc priest looks encouraged for a moment.
An orc priest comes into view. It is wielding a +0 club.
The orc priest shouts!
The orc priest invokes the aid of Beogh against you.
Pain shoots through your body!
Found 11 gold pieces.
An orc comes into view. It is wielding a +0 club.
An endoplasm comes into view.
The orc shouts!
The endoplasm quivers.
The orc priest calls down the wrath of Beogh upon you.
Beogh smites you!
The orc priest invokes the aid of Beogh against you.
Pain shoots through your body!
* * * LOW HITPOINT WARNING * * *
The orc priest calls down the wrath of Beogh upon you.
Beogh smites you!
You die...

#>....# #..##.##
##......# #....#..###
###.........#####.#
#<#..##...........# .
#.#....#.##.##....# ..
#.#....#.##.# .......
#......#.##@### ....
######+#+##...###.....
#...oJ......
#..oo...#..
#....o......
#......#.#.# #......#
# #...!... #....#.#.


You could see 3 orc priests, an orc and an endoplasm.

Vanquished Creatures
  2 adders (D:2)
  2 worms (D:2)
  3 dart slugs
  An endoplasm (D:1)
  A giant cockroach (D:1)
  5 goblins
  5 hobgoblins
  3 jackals (D:1)
  4 kobolds
  A quokka (D:1)
  2 ball pythons
  2 bats (D:1)
  4 frilled lizards
  3 rats
38 creatures vanquished.

Notes
Turn   | Place    | Note
-------+----------+-------------------------------------------
     0 | D:1      | hashsling the Minotaur Fighter began the quest for the Orb.
     0 | D:1      | Reached XP level 1. HP: 19/19 MP: 0/0
   151 | D:1      | Reached XP level 2. HP: 27/27 MP: 1/1
   174 | D:1      | Noticed a +0 triple crossbow
   175 | D:1      | Found Uniash's Weapon Emporium.
   175 | D:1      | Noticed a +0 lajatang
  1025 | D:1      | Reached XP level 3. HP: 33/33 MP: 2/2
  1255 | D:2      | Found a shadowy altar of Dithmenos.
  1574 | D:2      | Reached XP level 4. HP: 35/40 MP: 3/3
  1721 | D:3      | Killed from afar by an orc priest

Illustrated notes

Levels and vault maps discovered:
D:1:      minmay_arrival_four_loops, layout_loops_corners, serial_shops,
          nicolae_shop_mannequins, serial_forest, infiniplex_forest_clump_C,
          infiniplex_forest_clump_tiny, infiniplex_forest_clump_double,
          infiniplex_forest_lined_3, infiniplex_forest_3_way,
          infiniplex_forest_3_way, infiniplex_forest_lined_2,
          infiniplex_forest_end_1, infiniplex_forest_straight_4,
          infiniplex_forest_straight_5
D:2:      layout_basic, basic_altar, minmay_misc_feat_room
D:3:      layout_basic

Skill      XL: |  1  2  3 |
---------------+----------+-----
Axes           | 3 4 |  4.0
Fighting       | 4 |  4.2
Armour         | 4 |  4.1
Shields        | 4 |  4.0

Action                     |  1- 3 |  4- 6 || total
---------------------------+-------+-------++-------
  Melee: War axe           |    67 |       ||    67
         Headbutt          |     8 |       ||     8
 Armour: Scale mail        |    23 |       ||    23
         Chain mail        |    11 |       ||    11
  Dodge: Dodged            |    27 |       ||    27
  Block: Buckler           |    16 |       ||    16

Table legend: (Time is in decaauts)
 A = Elapsed time spent in this place.
 B = Non-inter-level travel time spent in this place.
 C = Inter-level travel time spent in this place.
 D = Time resting spent in this place.
 E = Time spent auto-exploring this place.
 F = Levels seen in this place.
 G = Mean time per level.
                   A        B        C        D        E       F      G
               +--------+--------+--------+--------+--------+-----+--------+
         Total |   1746 |   1630 |    116 |      0 |   1384 |   3 |  582.0 |
       Dungeon |   1746 |   1630 |    116 |      0 |   1384 |   3 |  582.0 |
               +--------+--------+--------+--------+--------+-----+--------+

Top non-repeatable levels by time:
     D:1: 1145 daAuts
     D:2: 577 daAuts
     D:3: 22 daAuts
